 Dungeon Crawl Stone Soup version 0.27.1-34-g3ba077fa99 (webtiles) character file.

Game seed: 4453661090429765655

6473 Mitsuki the Destroyer (level 10, -10/50 HPs)
             Began as a Deep Elf Conjurer on Jan 12, 2022.
             Was a Believer of Vehumet.
             Mangled by Harold (18 damage)
             ... on level 8 of the Dungeon.
             The game lasted 00:28:33 (10981 turns).

Mitsuki the Destroyer (Deep Elf Conjurer)          Turns: 10981, Time: 00:28:34

Health: -10/50     AC: 11    Str:  4    XL:     10   Next: 68%
Magic:  27/37      EV: 14    Int: 27    God:    Vehumet [**....]
Gold:   415        SH:  0    Dex: 13    Spells: 28/33 levels left

rFire    . . .     SeeInvis +   i - staff of cold
rCold    + . .     Faith    .   (no shield)
rNeg     . . .     Spirit   .   K - +0 steam dragon scales
rPois    +         Reflect  .   q - +2 hat {Will+}
rElec    .         Harm     .   B - +2 cloak {rPois}
rCorr    .         Rampage  .   b - +0 pair of gloves
Will     ++...                  (no boots)
Stlth    ++........             (no amulet)
HPRegen  0.16/turn              A - ring of see invisible
MPRegen  0.25/turn              r - ring of magical power

@: no status effects
A: no striking features
a: Renounce Religion


You were on level 8 of the Dungeon.
You worshipped Vehumet.
Vehumet was pleased with you.
You visited 2 branches of the dungeon, and saw 9 of its levels.
You also visited: Sewer and Ossuary.

You collected 415 gold pieces.

Inventory:

Missiles
 j - a throwing net
 m - 2 curare-tipped darts
Armour
 b - a +0 pair of gloves (worn)
 q - a +2 hat of willpower (worn)
 B - a +2 cloak of poison resistance (worn)
 K - +0 steam dragon scales (worn)
Magical Staves
 i - a staff of cold (weapon)
Jewellery
 e - the ring of Yloegec {rC+ Str+5}
   (You found it on level 6 of the Dungeon)

   [ring of protection from cold]

   Str:       It affects your strength (+5).
   rC:        It protects you from cold.
 r - a ring of magical power (right hand)
 A - a ring of see invisible (left hand)
 L - a ring of wizardry
Wands
 E - a wand of digging (3)
Scrolls
 a - a scroll of identify {unknown}
 c - 4 scrolls of teleportation {unknown}
 d - a scroll of holy word {unknown}
 f - 2 scrolls of fear {unknown}
 k - 2 scrolls of torment {unknown}
 t - 5 scrolls of immolation {unknown}
 v - 2 scrolls of amnesia {unknown}
 x - a scroll of fog {unknown}
 y - a scroll of noise {unknown}
 z - 2 scrolls of enchant armour {unknown}
 C - a scroll of enchant weapon {unknown}
 D - a scroll of blinking {unknown}
 G - a scroll of magic mapping
 I - a scroll of silence {unknown}
 J - 2 scrolls of summoning {unknown}
Potions
 g - 3 potions of invisibility {unknown}
 h - 4 potions of magic {unknown}
 l - a potion of might
 n - 4 potions of mutation {unknown}
 o - 5 potions of heal wounds
 p - 6 potions of haste {unknown}
 s - a potion of brilliance {unknown}
 u - 3 potions of berserk rage {unknown}
 w - 2 potions of curing {unknown}
 F - a potion of degeneration {unknown}
 H - a potion of lignification {unknown}


   Skills:
 - Level 5.5 Dodging
 - Level 2.4 Stealth
 + Level 12.1 Spellcasting
 * Level 13.6 Conjurations
 - Level 3.0 Translocations


You had 28 spell levels left.
You knew the following spells:

 Your Spells              Type           Power      Damage    Failure   Level
a - Magic Dart            Conj           100%       1d8       0%          1
b - Searing Ray           Conj           100%       3d7       1%          2
c - Blink                 Tloc           N/A        N/A       1%          2

Your spell library contained the following spells:

 Spells                   Type           Power      Damage    Failure   Level
 Sandblast                Erth           32%        2d9       3%          1
 Dazzling Flash           Conj/Hex       100%       N/A       1%          3
 Stone Arrow              Conj/Erth      100%       3d13      1%          3
 Fulminant Prism          Conj/Hex       26%        3d14      1%          4
 Iskenderun's Mystic Bla  Conj/Tloc      57%        2d12      1%          4
 Manifold Assault         Tloc           32%        N/A       28%         5
 Animate Armour           Summ/Erth      32%        N/A       34%         4
 Animate Dead             Necr           8%         N/A       34%         4
 Cause Fear               Hex            8%         N/A       34%         4
 Dragon Form              Tmut           8%         N/A       100%        7
 Haunt                    Necr/Summ      8%         N/A       100%        7
 Storm Form               Tmut/Air       8%         N/A       100%        7
 Infestation              Necr           8%         N/A       100%        8
 Lehudib's Crystal Spear  Conj/Erth      26%        10d7      100%        8
 Dragon's Call            Summ           8%         N/A       100%        9


Dungeon Overview and Level Annotations

Branches:
Dungeon (8/15)             Temple (1/1) D:6           Sewer (visited)
Ossuary (visited)
   Lair: D:8-11

Altars:
Ashenzari
Cheibriados
Dithmenos
Elyvilon
Fedhas
Gozag
Hepliaklqana
Kikubaaqudgha
Makhleb
Nemelex Xobeh
Okawaru
Qazlal
Ru
Trog
Uskayaw
Vehumet
Wu Jian
Xom
Yredelemnul
Zin
The Shining One

Annotations:
D:8 Harold


Message History

Harold is severely wounded.
The searing ray hits Harold.
Harold is severely wounded.
Harold barely misses you.
You now have 32/37 mp.
The searing ray hits Harold!
Harold is almost dead.
You finish channeling your searing ray.
Harold hits you with a +0 vampiric short sword!
You take 9 damage, and have 41/50 hp.
You now have 31/37 mp.
Casting: Searing Ray (safe; 1% risk of failure)
Confirm with . or Enter, or press ? or * to list all spells.
Aiming: Searing Ray (safe; 1% risk of failure)
Press: ? - help, Shift-Dir - straight line, f/p - Harold
Aim: Harold, wielding a +0 vampiric short sword and wearing a +0 scale mail (almost dead, 90% to hit)
The searing ray hits Harold!
Harold is almost dead. (Press . to maintain the ray.) Harold hits you with a +0 vampiric short sword!
Harold draws strength from your wounds!
You take 10 damage, and have 31/50 hp.
You now have 29/37 mp.
The searing ray hits Harold.
Harold is almost dead.
Harold hits you with a +0 vampiric short sword!
Harold draws strength from your wounds!
A bullfrog comes into view.
You take 11 damage, and have 20/50 hp.
MASSIVE DAMAGE!!
The searing ray hits Harold.
Harold is almost dead.
Harold hits you with a +0 vampiric short sword.
Harold draws strength from your wounds!
You take 4 damage, and have 16/50 hp.
You now have 28/37 mp.
The searing ray hits Harold!
Harold is almost dead.
You finish channeling your searing ray.
Harold hits you with a +0 vampiric short sword!
* * * LOW HITPOINT WARNING * * *
You take 8 damage, and have 8/50 hp.
You now have 27/37 mp.
Harold hits you with a +0 vampiric short sword!!
You die...

############
#..........#
#..........#
#..........#
#..........#
##..........##
########..#####.....#
#......@...# #####.#
#.......@..########.#
#.................#.#
#.........F######..)####
#######......# #..<.....
#......###........
#.......##.ยง[.....
#.................
#.).....##........


You could see Harold and a bullfrog.

Vanquished Creatures
  Pikel (D:6)
  A cyclops (D:6)
  A manticore (D:6)
  Maggie (D:6)
  A komodo dragon (D:7)
  A wraith (D:6)
  A yak (D:8)
  A wyvern (D:7)
  A steam dragon (D:6)
  A vampire mosquito (D:6)
  A water moccasin (D:5)
  2 hornet zombies (Ossuary)
  2 orc warriors
  2 sky beasts
  2 necrophages
  An ice beast (D:6)
  3 ogres
  3 black bears
  A lemure (D:6)
  4 kobold brigands (Sewer)
  A wyvern zombie (Ossuary)
  3 bullfrogs
  A gnoll sergeant (D:8)
  3 scorpions
  3 water moccasin zombies (Ossuary)
  A howler monkey (D:6)
  5 wights (D:5)
  7 centaur zombies
  A hound (D:6)
  2 bullfrog zombies
  A centaur skeleton (D:6)
  A bullfrog skeleton (D:6)
  2 orc priests
  Crazy Yiuf (D:6)
  A jelly (D:5)
  Natasha (thrice) (D:2)
  4 iguanas
  5 orc wizards
  A killer bee zombie (Ossuary)
  A hound skeleton (D:4)
  Robin (D:2)
  2 howler monkey zombies (Ossuary)
  17 mummies
  3 gnolls
  3 adders
  4 worms
  3 dart slugs
  23 orcs
  7 ball pythons
  11 bats
  6 endoplasms
  9 giant cockroaches
  22 goblins
  10 hobgoblins
  3 jackals (D:1)
  7 quokkas
  8 frilled lizards
  2 hobgoblin zombies (D:4)
  19 kobolds
  5 rats
243 creatures vanquished.

Vanquished Creatures (others)
  8 fungi (D:8)
  20 plants
  9 withered plants (Ossuary)
37 creatures vanquished.

Grand Total: 280 creatures vanquished

Notes
Turn   | Place    | Note
-------+----------+-------------------------------------------
     0 | D:1      | Mitsuki the Deep Elf Conjurer began the quest for the Orb.
     0 | D:1      | Reached XP level 1. HP: 10/10 MP: 6/6
   196 | D:1      | Reached XP level 2. HP: 15/15 MP: 2/8
   810 | D:1      | Reached XP level 3. HP: 19/19 MP: 3/10
  1330 | D:2      | Learned a level 2 spell: Searing Ray
  1370 | D:2      | Noticed Natasha
  1376 | D:2      | Killed Natasha
  1376 | D:2      | Noticed Robin
  1377 | D:2      | Reached skill level 5 in Conjurations
  1377 | D:2      | Reached XP level 4. HP: 24/24 MP: 4/12
  1836 | D:2      | Found a faded altar of an unknown god.
  2074 | D:2      | Noticed Natasha
  2078 | D:2      | Killed Natasha
  2225 | D:2      | Reached XP level 5. HP: 28/28 MP: 12/14
  2251 | D:2      | Killed Robin
  2463 | D:2      | Noticed Natasha
  2467 | D:2      | Killed Natasha
  2468 | D:2      | Reached skill level 5 in Spellcasting
  2542 | D:3      | Found a glowing drain.
  2663 | Sewer    | Entered a sewer
  2843 | Sewer    | Reached XP level 6. HP: 8/32 MP: 8/16
  2849 | Sewer    | Reached skill level 5 in Dodging
  2849 | Sewer    | Reached skill level 6 in Conjurations
  3783 | D:3      | Reached XP level 7. HP: 36/36 MP: 16/18
  4516 | D:4      | Found a sand-covered staircase.
  4524 | Ossuary  | Entered an ossuary
  4583 | Ossuary  | Reached skill level 7 in Conjurations
  4837 | Ossuary  | Reached skill level 8 in Conjurations
  4886 | Ossuary  | Reached XP level 8. HP: 35/41 MP: 21/21
  5250 | Ossuary  | Reached skill level 9 in Conjurations
  5929 | D:4      | Identified the ring "Heuho" {*Slow Will+ Dex+5}
  5976 | D:5      | Entered Level 5 of the Dungeon
  6267 | D:5      | Reached skill level 10 in Conjurations
  6328 | D:5      | Learned a level 2 spell: Blink
  6424 | D:5      | Reached XP level 9. HP: 45/45 MP: 24/24
  6539 | D:6      | Reached skill level 1 in Translocations
  6592 | D:6      | Found a staircase to the Ecumenical Temple.
  6653 | Temple   | Entered the Ecumenical Temple
  6770 | Temple   | Became a worshipper of Vehumet
  7222 | D:5      | Reached skill level 11 in Conjurations
  7318 | D:5      | Reached skill level 10 in Spellcasting
  7487 | D:6      | Noticed Maggie
  7842 | D:6      | Killed Maggie
  8225 | D:6      | Reached * piety under Vehumet
  8225 | D:6      | Offered knowledge of Shock by Vehumet.
  8441 | D:6      | Reached skill level 12 in Conjurations
  8541 | D:6      | Identified the ring of Yloegec {rC+ Str+5}
  8640 | D:6      | Noticed Pikel
  8650 | D:6      | Killed Pikel
  8651 | D:6      | Reached XP level 10. HP: 38/50 MP: 27/27
  8739 | D:6      | Found a runed translucent door.
  8740 | D:6      | Noticed Crazy Yiuf
  8804 | D:6      | Noticed a cyclops
  8816 | D:6      | Killed a cyclops
  9212 | D:6      | Killed Crazy Yiuf
  9393 | D:7      | Noticed a manticore
  9402 | D:6      | Killed a manticore
  9594 | D:6      | Reached skill level 13 in Conjurations
  9827 | D:7      | Offered knowledge of Sandblast by Vehumet.
  9834 | D:7      | Reached ** piety under Vehumet
 10896 | D:8      | Noticed Harold
 10981 | D:8      | Mangled by Harold

Illustrated notes

Levels and vault maps discovered:
D:1:      beargit_arrival_greenhouse, layout_loops_ring
D:2:      layout_loops_ring, shapermc_ecumenical_altar_pompeii,
          minmay_misc_feat_tiny, uniq_robin, uniq_natasha
D:3:      layout_loops_corners, portal_sewer_entry_a
D:4:      layout_loops_ring, nicolae_ossuary_entry_giza
D:5:      layout_basic
D:6:      minmay_chambers_of_sixes, layout_loops_corners,
          minmay_temple_entry_drinking_statues, kennysheep_dice, uniq_pikel,
          uniq_crazy_yiuf_cottage, uniq_maggie
D:7:      layout_rooms, kennysheep_flooded_box, minmay_lizard_king
D:8:      layout_rooms, grunt_lair_entry_orc_guard_hut,
          chequers_serial_rivers_marsh, uniq_harold
Temple:   compressed_dpeg_circular_temple

Skill      XL: |  1  2  3  4  5  6  7  8  9 10 |
---------------+-------------------------------+-----
Dodging        | 3 4 5 |  5.5
Spellcasting   | 4 5 6 7 9 11 12 | 12.1
Conjurations   | 5 6 8 10 12 13 | 13.6
Translocations | 2 3 |  3.0
Stealth        | |  2.4

Action                   |  1- 3 |  4- 6 |  7- 9 | 10-12 || total
-------------------------+-------+-------+-------+-------++-------
Melee: Whip              |     4 |    19 |       |       ||    23
       Staff             |       |       |    12 |    10 ||    22
 Cast: Magic Dart        |    63 |   108 |   156 |    74 ||   401
       Searing Ray       |       |    12 |    61 |    27 ||   100
       Blink             |       |       |     1 |     8 ||     9
  Use: Scroll            |       |     1 |       |       ||     1
       Potion            |       |     1 |       |     1 ||     2
Armor: Robe              |       |     9 |    22 |       ||    31
       Steam dragon scal |       |       |     9 |    24 ||    33
Dodge: Dodged            |     9 |    48 |    81 |    49 ||   187
